 Dungeon Crawl Stone Soup version 0.20-a0-1122-gb7cbeb9 (webtiles) character file.

154 salapander the Skirmisher (level 5, -2/29 HPs)
             Began as a Vine Stalker Fighter on May 13, 2017.
             Slain by an ogre
             ... wielding a +0 giant club
              (7 damage)
             ... on level 3 of the Dungeon.
             The game lasted 00:02:41 (1933 turns).

salapander the Skirmisher (Vine Stalker Fighter)    Turns: 1933, Time: 00:02:42

Health: -2/29      AC:  7    Str: 18    XL:     5   Next: 36%
Magic:  0/6        EV:  7    Int:  8    God:
Gold:   112        SH:  9    Dex: 19    Spells: 4/4 levels left

rFire    . . .     SeeInvis .   a - +0 long sword
rCold    . . .     Gourm    .   c - +0 shield
rNeg     . . .     Faith    .   b - +0 scale mail
rPois    .         Spirit   +   i - +0 helmet
rElec    .         Reflect  .   (no cloak)
rCorr    .         Harm     .   (no gloves)
MR       .....                  (no boots)
Stlth    ..........             (no amulet)
Regen    0.5/turn               o - +4 ring of dexterity
MPRegen  0.1/turn               (no ring)

@: no status effects
A: fangs 2, regeneration 1, magic shield, antimagic bite, no potion heal 3, rot
immunity
a: no special abilities


You were on level 3 of the Dungeon.
You were not hungry.

You visited 1 branch of the dungeon, and saw 3 of its levels.

You collected 112 gold pieces.

Inventory:

Hand Weapons
 a - a +0 long sword (weapon)
Armour
 b - a +0 scale mail (worn)
 c - a +0 shield (worn)
 i - a +0 helmet (worn)
Jewellery
 o - a +4 ring of dexterity (left hand)
Wands
 s - a wand of random effects (34/48)
Scrolls
 g - 3 scrolls of fear {unknown}
 k - 6 scrolls of identify {unknown}
 l - a scroll of remove curse {unknown}
 m - a scroll of blinking {unknown}
 n - a scroll of amnesia {unknown}
 p - a scroll of enchant armour {unknown}
 q - 2 scrolls of teleportation {unknown}
Potions
 d - a potion of might
 e - a potion of heal wounds {unknown}
 h - 3 potions of curing {unknown}
 r - a potion of berserk rage {unknown}
Comestibles
 f - 2 bread rations
 j - 5 chunks of flesh
 t - a royal jelly


   Skills:
 + Level 4.2 Fighting
 + Level 3.6 Long Blades
 - Level 2.4 Armour
 - Level 2.6 Shields


You had 4 spell levels left.
You didn't know any spells.

Dungeon Overview and Level Annotations

Branches:
Dungeon (3/15)

Altars:
Ru


Innate Abilities, Weirdness & Mutations

You have extremely sharp teeth.
Your natural rate of healing is unusually fast.
When hurt, damage is shared between your health and your magic reserves.
Your bite disrupts and absorbs the magic of your enemies.
Potions cannot restore your health.
You are immune to rotting.


Message History

You hear a bark!
The jackal bites you but does no damage.
You block the ogre's attack.
A jackal comes into view.
You hit the ogre but do no damage. You bite the ogre. You drain its power.
The ogre is heavily wounded.
The jackal bites you but does no damage.
The jackal bites you. x2; The ogre hits you with a giant club!
* * * LOW HITPOINT WARNING * * *
You hit the ogre.
The ogre is severely wounded.
The ogre hits you with a giant club!
* * * LOW HITPOINT WARNING * * *
You block the jackal's attack.
You hit the ogre. Your bite misses the ogre.
The ogre is almost dead.
You block the jackal's attack.
The jackal bites you but does no damage.
The jackal bites you. The ogre hits you with a giant club!
You die...

#. #. #. #.
#> #. ..
###O#####...#
#.).@h.......
#.###h##...!#
#h......#
#.#......
..#.##..#
.### # .# #h
. .#


You could see an ogre and 3 jackals.

Vanquished Creatures
  Robin (D:2)
  3 adders (D:2)
  6 oozes (D:1)
  3 dart slugs (D:1)
  7 giant cockroaches
  14 goblins
  10 hobgoblins
  9 jackals
  2 quokkas (D:2)
  6 bats
  5 frilled lizards
  5 kobolds
  7 rats
78 creatures vanquished.

Notes
Turn   | Place    | Note
-------+----------+-------------------------------------------
     0 | D:1      | salapander the Vine Stalker Fighter began the quest for the Orb.
     0 | D:1      | Reached XP level 1. HP: 11/11 MP: 2/2
     1 | D:1      | Found a runed door.
   416 | D:1      | Reached skill level 3 in Fighting
   416 | D:1      | Reached XP level 2. HP: 16/16 MP: 3/3
  1187 | D:1      | Reached XP level 3. HP: 18/20 MP: 4/4
  1249 | D:1      | Gained mutation: Your natural rate of healing is unusually fast. [Vine Stalker growth]
  1249 | D:1      | Reached XP level 4. HP: 13/24 MP: 5/5
  1330 | D:2      | Noticed Robin
  1356 | D:2      | Killed Robin
  1439 | D:2      | Reached skill level 4 in Fighting
  1484 | D:2      | Reached XP level 5. HP: 29/29 MP: 6/6
  1783 | D:2      | Found a sacrificial altar of Ru.
  1925 | D:3      | Noticed an ogre
  1933 | D:3      | Slain by an ogre

Vault maps used:
D:1:      dpeg_arrival_caged_fury, hangedman_decor_riveting, patterned_corridor
D:2:      nicolae_ru_path_of_blood, uniq_robin

Skill      XL: |  1  2  3  4 |
---------------+-------------+-----
Long Blades    | 2 3 |  3.6
Fighting       | 3 4 |  4.2
Armour         | |  2.4
Shields        | |  2.6

Action                   |  1- 3 |  4- 6 || total
-------------------------+-------+-------++-------
Melee: Long sword        |    88 |   116 ||   204
       Bite              |    24 |    47 ||    71
  Eat: Chunk             |     1 |     3 ||     4
Armor: Scale mail        |    27 |    54 ||    81
Dodge: Dodged            |    32 |    37 ||    69
Block: Shield            |    54 |    73 ||   127
       Rpst.: Long sword |    11 |    12 ||    23
